 Dungeon Crawl Stone Soup version 0.27.1 (webtiles) character file.

Game seed: 13555150724531101336

1194 acemry the Arsonist (level 8, -10/40 (41) HPs)
             Began as a Deep Elf Fire Elementalist on Sept 3, 2021.
             Was an Initiate of Sif Muna.
             Mangled by an ogre (20 damage)
             ... on level 6 of the Dungeon.
             The game lasted 00:22:08 (5604 turns).

acemry the Arsonist (Deep Elf Fire Elementalist)    Turns: 5604, Time: 00:22:08

HP:   -10/40 (41)   AC:  5    Str:  7 (8)  XL:     8   Next: 20%
MP:   6/15          EV: 12    Int: 23      God:    Sif Muna [......]
Gold: 98            SH:  0    Dex: 16      Spells: 7/13 levels left

rFire    + + .     SeeInvis .   l - staff of fire
rCold    + . .     Faith    .   (no shield)
rNeg     . . .     Spirit   .   a - +1 robe
rPois    .         Reflect  .   (no helmet)
rElec    .         Harm     .   (no cloak)
rCorr    .         Rampage  .   (no gloves)
Will     .....     Clarity  +   (no boots)
Stlth    ++........             f - amulet of the acrobat
HPRegen  0.13/turn              h - +6 ring of dexterity
MPRegen  0.14/turn              m - ring of Obynway {rF+ rC+ Str+3 Dex-5}

@: lightly drained
A: iridescent scales 1, clarity, deterioration 1, high mp 1, screaming 1, no
potion heal 1, MP-powered wands
a: Renounce Religion


You were on level 6 of the Dungeon.
You worshipped Sif Muna.
Sif Muna was noncommittal.
You visited 2 branches of the dungeon, and saw 7 of its levels.

You collected 223 gold pieces.
You spent 125 gold pieces at shops.

Inventory:

Hand Weapons
 o - a +0 hand crossbow
 q - the +9 whip of Context {pain, Str+6}
   (You bought it in a shop on level 4 of the Dungeon)

   In the hands of one skilled in necromantic magic, it inflicts extra damage on
   living creatures.
   Str:       It affects your strength (+6).
Missiles
 j - 31 poisoned darts (quivered)
 w - 5 atropa-tipped darts
Armour
 a - a +1 robe (worn)
Magical Staves
 l - a staff of fire (weapon)
Jewellery
 f - an amulet of the acrobat (around neck)
 h - a +6 ring of dexterity (left hand)
 i - an amulet of guardian spirit
 m - the ring of Obynway (right hand) {rF+ rC+ Str+3 Dex-5}
   (You found it on level 5 of the Dungeon)

   [ring of protection from fire]

   Str:       It affects your strength (+3).
   Dex:       It affects your dexterity (-5).
   rF:        It protects you from fire.
   rC:        It protects you from cold.
Wands
 r - a wand of flame (18)
 u - a wand of charming (9)
Potions
 b - 2 potions of ambrosia {unknown}
 c - a potion of heal wounds {unknown}
 d - 2 potions of invisibility {unknown}
 e - 2 potions of lignification
 g - a potion of cancellation {unknown}
 p - 3 potions of curing
 s - a potion of brilliance {unknown}
 t - a potion of berserk rage {unknown}
 v - a potion of haste {unknown}


   Skills:
 - Level 2.4 Dodging
 - Level 2.4 Stealth
 - Level 3.0 Spellcasting
 + Level 6.9 Conjurations
 * Level 8.9 Fire Magic


You had 7 spell levels left.
You knew the following spells:

 Your Spells              Type           Power      Damage    Failure   Level
a - Foxfire               Conj/Fire      100%       2x1d9     1%          1
b - Fireball              Conj/Fire      28%        3d12      12%         5

Your spell library contained the following spells:

 Spells                   Type           Power      Damage    Failure   Level
 Conjure Flame            Conj/Fire      56%        6-21      1%          3
 Sticky Flame             Conj/Fire      56%        2d7       4%          4
 Inner Flame              Hex/Fire       35%        N/A       5%          3
 Animate Skeleton         Necr           6%         N/A       12%         1
 Gell's Gravitas          Tloc           1%         N/A       34%         3
 Teleport Other           Tloc           3%         N/A       34%         3
 Vampiric Draining        Necr           1%         2d6       34%         3
 Dispersal                Tloc           1%         N/A       100%        6
 Simulacrum               Ice/Necr       1%         N/A       100%        6
 Infestation              Necr           1%         N/A       100%        8


Dungeon Overview and Level Annotations

Branches:
Dungeon (6/15)             Temple (1/1) D:4

Altars:
Ashenzari
Cheibriados
Dithmenos
Elyvilon
Fedhas
Kikubaaqudgha
Makhleb
Nemelex Xobeh
Okawaru
Qazlal
Ru
Sif Muna
Trog
Uskayaw
Wu Jian
Xom
Yredelemnul
Zin

Shops:
D:4 (   D:5 !


Innate Abilities, Weirdness & Mutations

You are partially covered in iridescent scales. (AC +2)
You possess an exceptional clarity of mind.
Your body sometimes deteriorates upon taking damage.
You have an increased reservoir of magic. (+10% MP)
You occasionally shout uncontrollably at your foes.
Potions are less effective at restoring your health.
You expend magic power (3 MP) to strengthen your wands.


Message History

You aren't carrying any scrolls.
The wyvern zombie completely misses you.
The hound skeleton completely misses you.
The wyvern zombie completely misses you.
Casting: Fireball (quite dangerous; 12% risk of failure)
Confirm with . or Enter, or press ? or * to list all spells.
You feel a surge of power!
You conjure some foxfire!
The hound skeleton bites you. The wight hits you with a +5 dagger.
You feel drained. The wight misses you.
The hound skeleton bites you but does no damage.
The foxfire hits the hound skeleton.
You destroy the hound skeleton!
Sif Muna accepts your kill.
The foxfire hits the hound.
The hound is lightly wounded.
The hound stops to sniff the ground.
The hound bites you but does no damage.
Found an iron altar of Okawaru.
There is a stone staircase leading down here.
The hound bites you.
Your body deteriorates!
You feel weakened. The wight hits you with a +5 dagger! The hound bites you.
* * * LOW HITPOINT WARNING * * *
You climb downwards.
There is a stone staircase leading up here.
The hound closely misses you. The hound misses you.
An ogre comes into view. It is wielding a +0 giant club.
The hound misses you.
A black bear comes into view.
Casting: Foxfire (safe; 1% risk of failure)
Confirm with . or Enter, or press ? or * to list all spells.
You feel a surge of power!
You conjure some foxfire!
The ogre shouts!
The hound bites you.
* * * LOW HITPOINT WARNING * * *
The hound bites you but does no damage.
The ogre hits you with a +0 giant club!!
Ouch! That really hurt!
You die...

.. . ###.
#.# #.. ..
#.##.##
#<....#
#.#...#
#z# ....#
#h###.#.#.
#v@O.....h
######..##
#


You could see a black bear (asleep), an ogre, a hound (ally target) and a wight.

Vanquished Creatures
  Grinder (D:4)
  Sigmund (D:3)
  A black bear (D:5)
  A necrophage (D:4)
  A phantom (D:4)
  2 scorpions (D:4)
  A wight (D:5)
  A jelly (D:4)
  3 iguanas
  Natasha (thrice) (D:4)
  A hound zombie (D:5)
  2 hound skeletons
  Robin (D:3)
  10 adders
  A white imp (D:5)
  A dart slug (D:4)
  9 orcs
  4 bats
  5 endoplasms
  3 giant cockroaches
  13 goblins
  7 hobgoblins
  4 jackals
  2 quokkas
  9 ball pythons
  4 frilled lizards
  3 kobolds
  11 rats
105 creatures vanquished.

Vanquished Creatures (others)
  376 foxfires
  3 plants (D:2)
379 creatures vanquished.

Grand Total: 484 creatures vanquished

Notes
Turn   | Place    | Note
-------+----------+-------------------------------------------
     0 | D:1      | acemry the Deep Elf Fire Elementalist began the quest for
                  | the Orb.
     0 | D:1      | Reached XP level 1. HP: 10/10 MP: 6/6
   544 | D:1      | Reached XP level 2. HP: 15/15 MP: 4/8
   600 | D:1      | Reached skill level 4 in Fire Magic
   743 | D:1      | Found a faded altar of an unknown god.
  1306 | D:2      | Reached XP level 3. HP: 19/19 MP: 5/9
  1508 | D:2      | Found an iron altar of Okawaru.
  1642 | D:2      | Got the Catalogue of Evil
  1688 | D:2      | Reached skill level 5 in Fire Magic
  2076 | D:2      | Reached XP level 4. HP: 24/24 MP: 6/10
  2323 | D:3      | Noticed Robin
  2359 | D:3      | Killed Robin
  2888 | D:3      | Found a shadowy altar of Dithmenos.
  3090 | D:3      | Noticed Sigmund
  3113 | D:3      | Killed Sigmund
  3114 | D:3      | Reached skill level 6 in Fire Magic
  3114 | D:3      | Reached XP level 5. HP: 28/28 MP: 4/11
  3114 | D:3      | Reached XP level 6. HP: 32/32 MP: 4/12
  3123 | D:3      | Learned a level 5 spell: Fireball
  3221 | D:3      | Found a hide-covered altar of Uskayaw.
  3591 | D:4      | Found Mulepsin's Antique Weapon Boutique.
  3717 | D:4      | Reached skill level 7 in Fire Magic
  3967 | D:4      | Reached skill level 5 in Conjurations
  3967 | D:4      | Reached XP level 7. HP: 36/36 MP: 9/13
  4065 | D:4      | Noticed Grinder
  4076 | D:4      | Killed Grinder
  4163 | D:4      | Noticed Natasha
  4167 | D:4      | Killed Natasha
  4168 | D:4      | Reached skill level 8 in Fire Magic
  4229 | D:4      | Found a staircase to the Ecumenical Temple.
  4284 | D:4      | Bought a smoking whip for 112 gold pieces
  4284 | D:4      | Identified the +9 whip of Context {pain, Str+6} (You bought
                  | it in a shop on level 4 of the Dungeon)
  4294 | D:4      | Noticed Natasha
  4299 | D:4      | Killed Natasha
  4351 | D:4      | Noticed Natasha
  4354 | D:4      | Killed Natasha
  4513 | D:4      | Found a basalt altar of Yredelemnul.
  4513 | D:4      | Found a shimmering altar of Xom.
  4513 | D:4      | Found a sparkling altar of Nemelex Xobeh.
  4696 | Temple   | Entered the Ecumenical Temple
  5082 | Temple   | Became a worshipper of Sif Muna the Loreminder
  5158 | D:5      | Entered Level 5 of the Dungeon
  5214 | D:5      | Reached XP level 8. HP: 41/41 MP: 8/14
  5385 | D:5      | Found Qulott's Distillery.
  5397 | D:5      | Bought a potion of degeneration for 13 gold pieces
  5399 | D:5      | Identified a scroll of acquirement
  5399 | D:5      | Acquired a staff of fire
  5502 | D:5      | Identified the ring of Obynway {rF+ rC+ Str+3 Dex-5}
  5547 | D:5      | Gained mutation: You occasionally shout uncontrollably at
                  | your foes. [potion of mutation]
  5548 | D:5      | Gained mutation: Your spells are a little easier to cast,
                  | but a little less powerful. [potion of mutation]
  5548 | D:5      | Gained mutation: Potions are less effective at restoring
                  | your health. [potion of mutation]
  5548 | D:5      | Gained mutation: You expend magic power (3 MP) to
                  | strengthen your wands. [potion of mutation]
  5548 | D:5      | Gained mutation: Your movements are slightly less
                  | encumbered by armour. (ER -2) [potion of mutation]
  5549 | D:5      | Lost mutation: Your spells are a little easier to cast, but
                  | a little less powerful. [potion of mutation]
  5549 | D:5      | Lost mutation: Your movements are slightly less encumbered
                  | by armour. (ER -2) [potion of mutation]
  5549 | D:5      | Gained mutation: You have an increased reservoir of magic.
                  | (+10% MP) [potion of mutation]
  5549 | D:5      | Gained mutation: Your body sometimes deteriorates upon
                  | taking damage. [potion of mutation]
  5549 | D:5      | Gained mutation: You possess an exceptional clarity of
                  | mind. [potion of mutation]
  5549 | D:5      | Gained mutation: You are partially covered in iridescent
                  | scales. (AC +2) [potion of mutation]
  5597 | D:5      | Found an iron altar of Okawaru.
  5604 | D:6      | Mangled by an ogre

Illustrated notes

Levels and vault maps discovered:
D:1:      scummos_arrival_star, layout_loops_ring,
          hellmonk_ecumenical_altar_leap_of_faith
D:2:      layout_basic, basic_altar, corner_web_ring, minivault_24,
          serial_bayou_ford_a
D:3:      layout_basic, nicolae_overflow_crystal_walls,
          mainiacjoe_overflow_boulevard, uniq_robin, uniq_sigmund
D:4:      layout_cave_pools, gammafunk_temple_overflow_claw,
          minmay_temple_entry_overgrown, serial_shops, nicolae_stop_n_shop_1,
          hangedman_abyss_or_decor_stabs, uniq_natasha, uniq_grinder
D:5:      layout_gridville, okawaru_ov_weapons_minmay, serial_shops, shop
D:6:      layout_basic, lemuel_tele_altar, roderic_cross_of_infinity,
          uniq_menkaure, uniq_edmund, uniq_crazy_yiuf_cottage, uniq_duvessa
Temple:   minmay_temple_forest_path

Skill      XL: |  1  2  3  4  5  6  7 |
---------------+----------------------+-----
Fire Magic     | 4 5 6 7 8 |  8.9
Conjurations   | 2 3 5 6 |  6.9
Dodging        | |  2.4
Stealth        | |  2.4
Spellcasting   | |  3.0

Action                   |  1- 3 |  4- 6 |  7- 9 || total
-------------------------+-------+-------+-------++-------
Melee: Unarmed           |     4 |       |       ||     4
 Cast: Foxfire           |    64 |    87 |    72 ||   223
       Fireball          |       |       |     1 ||     1
  Use: Scroll            |     5 |       |     4 ||     9
       Potion            |       |       |     3 ||     3
Armor: Robe              |     2 |     2 |     8 ||    12
Dodge: Dodged            |    14 |     9 |    13 ||    36
